 Dungeon Crawl Stone Soup version 0.19-a0-1720-gc855d72 (webtiles) character file.

56 wazuzu the Magician (level 3, 26/26 HPs)
             Began as a Draconian Wizard on Sept 27, 2016.
             Quit the game on level 2 of the Dungeon on Sept 29, 2016.
             The game lasted 00:06:57 (2209 turns).

wazuzu the Magician (Draconian Wizard)              Turns: 2209, Time: 00:06:58

Health: 26/26      AC:  7    Str:  9    XL:     3   Next: 69%
Magic:  3/8        EV: 12    Int: 19    God:
Gold:   84         SH:  0    Dex:  9    Spells: 1 memorised, 8 levels left

rFire  . . .     SeeInvis .     l - -3 whip (curse)
rCold  . . .     Gourm    .     (armour unavailable)
rNeg   . . .     Faith    .     (no shield)
rPois  .         Spirit   .     a - +1 hat
rElec  .         Dismiss  .     (no cloak)
rCorr  .         Reflect  .     (no gloves)
MR     .....     Harm     .     (no boots)
Stlth  +.........               (no amulet)
                                (no ring)
                                (no ring)

@: very slightly contaminated
A: unfitting armour, cold-blooded, AC +5
a: no special abilities


You were on level 2 of the Dungeon.
You were hungry.

You visited 1 branch of the dungeon, and saw 2 of its levels.

You collected 84 gold pieces.

Inventory:

Hand Weapons
 e - a +0 club
 f - a +0 blowgun
 l - a cursed -3 whip (weapon)
Missiles
 g - 5 poisoned needles
Armour
 a - a +1 hat (worn)
Jewellery
 m - an uncursed ring of wizardry {unknown}
Scrolls
 k - 2 scrolls of enchant armour
Potions
 h - a potion of haste
 i - a potion of curing
 j - a potion of lignification
Books
 b - a book of Minor Magic

   Spells                             Type                      Level
   a - Magic Dart                     Conjuration                  1
   b - Blink                          Translocation                2
   c - Call Imp                       Summoning                    2
   d - Repel Missiles                 Charms/Air                   2
   e - Slow                           Hexes                        2
   f - Conjure Flame                  Conjuration/Fire             3
   g - Mephitic Cloud                 Conjuration/Poison/Air       3
Comestibles
 c - a bread ration


   Skills:
 - Level 1.7 Dodging
 - Level 1.7 Stealth
 + Level 3.5 Spellcasting
 * Level 2.9 Conjurations
   Level 1.0 Summonings
   Level 1.0 Translocations


You had 8 spell levels left.
You knew the following spells:

 Your Spells              Type           Power        Failure   Level  Hunger
a - Magic Dart            Conj           ##..         6%          1    None


Dungeon Overview and Level Annotations

Branches:
Dungeon (2/15)

Altars:
Cheibriados
Elyvilon
Gozag


Innate Abilities, Weirdness & Mutations

Your plain brown scales are hard. (AC +5)
You cannot fit into any form of body armour.
You are cold-blooded and may be slowed by cold attacks.


Message History

The jackal barks!
m - an ivory ring The jackal barks!
The goblin closely misses you. The goblin hits you but does no damage.
The jackal bites you but does no damage.
The jackal closely misses you.
There is a large open door here.
The jackal bites you but does no damage.
The jackal misses you.
As you read the scroll of identify, it crumbles to dust.
h - a potion of haste The jackal barely misses you.
As you read the scroll of identify, it crumbles to dust.
i - a potion of curing The jackal closely misses you.
Okay, then.
Welcome back, wazuzu the Draconian Wizard.
Press ? for a list of commands and other information.
Are you sure you want to abandon this character and quit the game? (Confirm with "yes".)

#................
#.....†..........
#...............
#..............
##............# .
##..........# ...
##........#
.....######h'####
.......@hhhg....#
###...#####.....#
#.. #.....# #.
#.....# # #.....#
###'### ## #.# #.
#.# #####. #.#
#.....


You could see 4 jackals and a goblin.

Vanquished Creatures
  2 oozes
  4 dart slugs
  4 leopard geckos
  A giant cockroach (D:1)
  5 goblins
  5 hobgoblins
  5 bats
  3 kobolds
  6 rats
35 creatures vanquished.

Notes
Turn   | Place    | Note
-------+----------+-------------------------------------------
     0 | D:1      | wazuzu the Draconian Wizard began the quest for the Orb.
     0 | D:1      | Reached XP level 1. HP: 14/14 MP: 4/4
   188 | D:1      | Reached XP level 2. HP: 17/20 MP: 1/6
   811 | D:1      | Reached XP level 3. HP: 26/26 MP: 5/7
  1240 | D:2      | Found a white marble altar of Elyvilon.
  1308 | D:2      | Found a snail-covered altar of Cheibriados.
  1923 | D:2      | Found an opulent altar of Gozag.
  2209 | D:2      | Upgraded the game from 0.19-a0-1704-gbd66c22 to 0.19-a0-1720-gc855d72
  2209 | D:2      | Quit the game

Vault maps used:
D:1:      saegor_arrival_simple_e
D:2:      kennysheep_big_flooded_room, old_standard_altar, grunt_gozag_statues,
          elyvilon_altar_1, uniq_crazy_yiuf_cottage

Skill      XL: |  1  2 |
---------------+-------+-----
Conjurations   | 2 |  2.9
Dodging        | |  1.7
Stealth        | |  1.7
Spellcasting   | |  3.5
Summonings     | |  1.0
Translocations | |  1.0

Action                   || total
-------------------------++-------
Melee: Unarmed           ||    12
       Tailslap          ||     2
       Club              ||    13
 Cast: Magic Dart        ||    80
  Use: Scroll            ||     8
  Eat: Chunk             ||     3
Armor: Skin              ||     8
Dodge: Dodged            ||    30
